 Dungeon Crawl Stone Soup version 0.30-a0-937-ga0a21ad780 (webtiles) character file.

Game seed: 875163264819292337

3258 Iniera the Grappler (level 10, 0/53 HPs)
             Began as a Vine Stalker Fighter on Mar 25, 2023.
             Was a Follower of Cheibriados.
             Slain by a vampire (8 damage)
             ... on level 9 of the Dungeon.
             The game lasted 00:05:51 (6658 turns).

Iniera the Grappler (Vine Stalker Fighter)          Turns: 6658, Time: 00:05:52

Health: 0/53       AC: 18    Str: 25    XL:     10   Next: 0%
Magic:  0/11       EV:  7    Int: 10    God:    Cheibriados [*.....]
Gold:   509        SH:  6    Dex: 16    Spells: 9/9 levels left

rFire   . . .      SeeInvis .      - Unarmed
rCold   . . .      Faith    .    b - +0 buckler
rNeg    . . .      Spirit   +    g - +0 chain mail
rPois   .          Reflect  .    s - +0 helmet
rElec   .          Rampage  .    w - scarf {shadows}
rCorr   .                        (no gloves)
Will    +....                    (no boots) Stlth
                                 (no amulet)
HPRegen 1.08/turn                v - +4 ring of protection
MPRegen 0.12/turn                y - +4 ring of protection

@: studying Long Blades, very slow
A: fangs 3, regeneration 1, magic shield, antimagic bite, no potion heal 2
a: Renounce Religion, Bend Time


You were on level 9 of the Dungeon.
You worshipped Cheibriados.
Cheibriados was aware of your devotion.
You visited 2 branches of the dungeon, and saw 10 of its levels.

You collected 509 gold pieces.

Inventory:

Armour
 b - a +0 buckler (worn)
 g - a +0 chain mail (worn)
 m - a +0 cloak
 s - a +0 helmet (worn)
 w - a scarf of shadows (worn)
Jewellery
 v - a +4 ring of protection (left hand)
 y - a +4 ring of protection (right hand)
Wands
 h - a wand of polymorph (7)
 p - a wand of flame (9)
 u - a wand of digging (6)
 x - a wand of roots (7)
 C - a wand of quicksilver (9)
Scrolls
 e - 4 scrolls of fog
 i - a scroll of blinking {unknown}
 j - 2 scrolls of immolation {unknown}
 k - 5 scrolls of teleportation {unknown}
 q - a scroll of noise {unknown}
 t - a scroll of poison {unknown}
 z - a scroll of brand weapon {unknown}
 A - a scroll of magic mapping {unknown}
 B - a scroll of enchant armour {unknown}
 D - a scroll of enchant weapon
Potions
 a - 2 potions of lignification
 c - a potion of might
 d - 5 potions of curing
 f - 3 potions of mutation
 l - 2 potions of brilliance
 n - 3 potions of attraction
 o - a potion of cancellation {unknown}
 r - 2 potions of flight


   Skills:
 + Level 6.7 Fighting
 - Level 2.5 Armour
 + Level 5.7 Shields
 * Level 10.7 Unarmed Combat


You had 9 spell levels left.
You didn't know any spells.
Your spell library contained the following spells:

 Spells                   Type           Power      Damage    Failure   Level
 Necrotise                Necr           0%         1d4       98%         1
 Shock                    Conj/Air       0%         1d3       98%         1
 Swiftness                Air            0%         N/A       100%        3
 Vampiric Draining        Necr           0%         2d6       100%        3
 Airstrike                Air            0%         2d(0-16)  100%        4
 Agony                    Necr           0%         N/A       100%        5


Dungeon Overview and Level Annotations

Branches:
Dungeon (9/15)             Temple (1/1) D:7
   Lair: D:8-11         Orc: D:9-12

Altars:
Cheibriados
Dithmenos
Elyvilon
Fedhas
Gozag
Hepliaklqana
Kikubaaqudgha
Makhleb
Nemelex Xobeh
Okawaru
Qazlal
Ru
Sif Muna
Trog
Uskayaw
Wu Jian
Xom
Yredelemnul
Zin
The Shining One

Shops:
D:5 :

Annotations:
D:4 2 transporters, SirDiesAlot's ghost, novice DsGl


Innate Abilities, Weirdness & Mutations

You have razor-sharp teeth.
Your natural rate of healing is unusually fast.
When hurt, damage is shared between your health and your magic reserves.
Your bite disrupts and absorbs the magic of your enemies.
Potions cannot restore your health.


Message History

Something hits you but does no damage. Something bites you but does no damage.
You miss something. You bite something. You miss something.
Your bite misses something. Something hits you but does no damage.
Something bites you!
Something draws strength from your injuries!
You closely miss something. You bite something! You drain its magic.
You feel invigorated. Something hits you but does no damage.
Something bites you but does no damage.
You miss something. Your bite misses something.
Something hits you but does no damage. Something bites you but does no damage.
You miss something. Your bite misses something.
Something hits you but does no damage. Something bites you but does no damage.
You hit something. Something hits you. Something bites you.
Something draws strength from your injuries!
You punch something! Something hits you.
Something bites you but does no damage.
You miss something. Your bite misses something. You punch something!
Your bite misses something. Something hits you.
Something completely misses you.
You hit something but do no damage. Your bite misses something.
Something hits you but does no damage. Something bites you but does no damage.
You closely miss something. Your bite misses something.
Something draws life force from you!!
You miss something. You bite something. You drain its magic.
You feel invigorated. Something hits you. Something bites you.
Something draws strength from your injuries!
You hit something but do no damage. Your bite misses something.
Something hits you but does no damage. Something bites you but does no damage.
You punch something! Your bite misses something. You barely miss something.
Your bite misses something. Something hits you!
* * * LOW HITPOINT WARNING * * *
Something bites you but does no damage.
You hit something. You bite something. You drain its magic.
You feel invigorated. Something hits you but does no damage.
Something completely misses you.
You hit something but do no damage. Your bite misses something.
Something hits you!
* * * LOW HITPOINT WARNING * * *
Something bites you!
You die...

###
..#
#.#
#{#
#@#
#.#
..#
####


There were no monsters in sight!

Vanquished Creatures
  Sigmund (D:4)
  A vampire (D:7)
  4 yaks (D:9)
  2 steam dragons (D:8)
  A water moccasin (D:6)
  An acid dragon (D:8)
  An orc warrior (D:8)
  A black bear (D:6)
  An ogre (D:5)
  2 phantoms (D:4)
  2 kobold brigands (D:8)
  3 bullfrogs
  3 scorpions
  8 killer bees
  2 howler monkeys (D:7)
  An oklob sapling (D:7)
  2 jellies
  2 hounds
  2 iguanas
  Ijyb (D:3)
  2 orc wizards
  Natasha (thrice) (D:2)
  4 adders
  2 shadow imps
  2 white imps
  3 worms
  4 dart slugs
  19 orcs
  6 bats
  2 endoplasms
  A giant cockroach (D:4)
  3 goblins
  9 hobgoblins
  4 jackals (D:3)
  4 ball pythons
  5 frilled lizards
  15 kobolds
  4 rats
  A bush (D:1)
134 creatures vanquished.

Vanquished Creatures (others)
  11 plants (D:7)
11 creatures vanquished.

Grand Total: 145 creatures vanquished

Notes
Turn   | Place    | Note
-------+----------+-------------------------------------------
     0 | D:1      | Iniera the Vine Stalker Fighter began the quest for the
                  | Orb.
     0 | D:1      | Reached XP level 1. HP: 11/11 MP: 2/2
   661 | D:1      | Reached XP level 2. HP: 16/16 MP: 3/3
  1040 | D:2      | Reached skill level 3 in Unarmed Combat
  1083 | D:2      | Noticed Natasha
  1089 | D:2      | Killed Natasha
  1090 | D:2      | Reached XP level 3. HP: 12/19 MP: 4/4
  1289 | D:2      | Noticed Natasha
  1297 | D:2      | Killed Natasha
  1298 | D:2      | Reached skill level 4 in Unarmed Combat
  1298 | D:2      | Gained mutation: Your natural rate of healing is unusually
                  | fast. [Vine Stalker growth]
  1298 | D:2      | Reached XP level 4. HP: 19/23 MP: 5/5
  1405 | D:2      | Noticed Natasha
  1412 | D:2      | Killed Natasha
  1847 | D:3      | Noticed Ijyb
  1889 | D:3      | Killed Ijyb
  1890 | D:3      | Reached skill level 5 in Unarmed Combat
  1890 | D:3      | Reached XP level 5. HP: 21/28 MP: 3/6
  2495 | D:4      | Found a transporter.
  2534 | D:4      | Noticed SirDiesAlot's ghost (novice DsGl)
  2535 | D:4      | Found a transporter.
  2547 | D:4      | Noticed a phantom
  2565 | D:4      | Killed a phantom
  2566 | D:4      | Reached XP level 6. HP: 27/32 MP: 4/7
  2620 | D:4      | Reached skill level 6 in Unarmed Combat
  2695 | D:4      | Found a shimmering altar of Xom.
  2786 | D:4      | Reached XP level 7. HP: 37/37 MP: 8/8
  2881 | D:4      | Noticed Sigmund
  2906 | D:4      | Killed Sigmund
  2907 | D:4      | Reached skill level 7 in Unarmed Combat
  3259 | D:5      | Entered Level 5 of the Dungeon
  3259 | D:5      | Found Plog's Book Emporium.
  3302 | D:5      | Found a hazy altar of Hepliaklqana.
  3470 | D:5      | Found a sparkling altar of Nemelex Xobeh.
  3533 | D:5      | Found a bloodstained altar of Trog.
  3607 | D:5      | Found a blossoming altar of Fedhas.
  4088 | D:6      | Gained mutation: You have razor-sharp teeth. [Vine Stalker
                  | growth]
  4088 | D:6      | Reached XP level 8. HP: 42/42 MP: 9/9
  4150 | D:6      | Found an ornate altar of the Wu Jian Council.
  4168 | D:6      | Reached skill level 8 in Unarmed Combat
  4284 | D:6      | Reached skill level 5 in Fighting
  4747 | D:7      | Noticed a vampire
  4822 | D:7      | Killed a vampire
  4823 | D:7      | Reached skill level 9 in Unarmed Combat
  4823 | D:7      | Reached XP level 9. HP: 35/48 MP: 10/10
  4929 | D:7      | Found a staircase to the Ecumenical Temple.
  4953 | Temple   | Entered the Ecumenical Temple
  5189 | Temple   | Became a worshipper of Cheibriados the Contemplative
  5436 | D:7      | Identified the +2 buckler of Cheibriados's Grace {rPois
                  | rN++ Dex-3}
  5671 | D:8      | Reached skill level 5 in Shields
  5976 | D:8      | Reached skill level 10 in Unarmed Combat
  6058 | D:8      | Found a white marble altar of Elyvilon.
  6179 | D:8      | Reached * piety under Cheibriados
  6637 | D:9      | Reached XP level 10. HP: 42/53 MP: 11/11
  6658 | D:9      | Slain by a vampire

Illustrated notes

Levels and vault maps discovered:
D:1:      dpeg_arrival_houses_and_road, layout_basic, minmay_hedge_maze,
          kennysheep_doodads
D:2:      layout_basic, minmay_misc_feat_ornament, uniq_natasha
D:3:      layout_basic, minmay_vboxes, uniq_ijyb
D:4:      layout_loops_ring, mainiacjoe_overflow_24_doors,
          gammafunk_ghost_mausoleum, uniq_sigmund
D:5:      layout_basic, lemuel_tele_altar, nemelex_xobeh_ov_fountains_minmay,
          mainiacjoe_overflow_catwalk, kennysheep_little_box, serial_shops,
          nicolae_stop_n_shop_1
D:6:      layout_loops_ring, lemuel_crystal_altar, minivault_25
D:7:      layout_loops_ring, minmay_temple_entry_oklob
D:8:      layout_loops_cross, mainiacjoe_overflow_paths, nicolae_hexahallways,
          kennysheep_nondescript, kennysheep_generic_room_4
D:9:      layout_loops_cross, ashenzari_conservatory_becter, orc_0_dummy,
          uniq_harold, uniq_prince_ribbit1
Temple:   hellmonk_temple_forest_ring

Skill      XL: |  1  2  3  4  5  6  7  8  9 |
---------------+----------------------------+-----
Unarmed Combat | 3 4 5 6 7 9 10 | 10.7
Fighting       | 3 4 5 6 |  6.7
Shields        | 3 4 5 |  5.7
Armour         | |  2.5

Action                     |  1- 3 |  4- 6 |  7- 9 | 10-12 || total
---------------------------+-------+-------+-------+-------++-------
  Melee: Unarmed           |   222 |   163 |   317 |    22 ||   724
         Bite              |   100 |    43 |    93 |     7 ||   243
    Use: Scroll            |       |       |    10 |       ||    10
 Armour: Scale mail        |    24 |       |       |       ||    24
         Chain mail        |    27 |    83 |   142 |    20 ||   272
  Dodge: Dodged            |    49 |    47 |    70 |     2 ||   168
  Block: Buckler           |    25 |    23 |    49 |       ||    97

Table legend: (Time is in decaauts)
 A = Elapsed time spent in this place.
 B = Non-inter-level travel time spent in this place.
 C = Inter-level travel time spent in this place.
 D = Time resting spent in this place.
 E = Time spent auto-exploring this place.
 F = Levels seen in this place.
 G = Mean time per level.
                   A        B        C        D        E       F      G
               +--------+--------+--------+--------+--------+-----+--------+
         Total |   6995 |   6656 |    339 |     60 |   5409 |  10 |  699.5 |
       Dungeon |   6743 |   6434 |    309 |      0 |   5270 |   9 |  749.2 |
        Temple |    251 |    221 |     30 |     60 |    139 |   1 |  251.0 |
               +--------+--------+--------+--------+--------+-----+--------+

Top non-repeatable levels by time:
     D:8: 1214 daAuts
     D:1: 994 daAuts
     D:2: 827 daAuts
     D:4: 810 daAuts
     D:7: 770 daAuts
     D:5: 754 daAuts
     D:6: 717 daAuts
     D:3: 614 daAuts
  Temple: 251 daAuts
     D:9: 40 daAuts
